 Dungeon Crawl Stone Soup version 0.18-b1-22-ge198996 (webtiles) character file.

179 Guinours the Charmwright (level 5, -3/41 HPs)
             Began as a Merfolk Skald on May 4, 2016.
             Was an Initiate of Ashenzari.
             Slain by a goblin
             ... wielding a +0 club
             ... led by Robin
              (6 damage)
             ... on level 3 of the Dungeon.
             The game lasted 00:35:53 (4035 turns).

Guinours the Charmwright (Merfolk Skald)            Turns: 4035, Time: 00:35:53

Health: -3/41      AC: 10    Str: 10 (12) XL:     5   Next: 59%
Magic:  8/8        EV:  5    Int: 11 (13) God:    Ashenzari [......]
Gold:   147        SH:  0    Dex: 15      Spells: 3 memorised, 2 levels left

rFire  . . .     SeeInvis .     j - +0 mace
rCold  . . .     Gourm    .     E - +0 chain mail
rNeg   . . .     Faith    .     (no shield)
rPois  .         Spirit   .     G - +1 helmet
rElec  .         Dismiss  .     (no cloak)
rCorr  .         Reflect  .     (no gloves)
SustAt .         Harm     .     (no boots)
MR     .....                    (no amulet)
Stlth  ..........               z - +2 ring of dexterity
                                B - ring of wizardry

@: not resistant to hostile enchantments, extremely unstealthy
A: change form in water, swift swim
a: Curse Item, Renounce Religion


You were on level 3 of the Dungeon.
You worshipped Ashenzari.
Ashenzari was noncommittal.
You were not hungry.

You visited 1 branch of the dungeon, and saw 3 of its levels.

You collected 147 gold pieces.

Inventory:

Hand Weapons
 a - a +0 spear
 j - a +0 mace (weapon)
 H - a +0 dagger of protection
Missiles
 m - 34 stones (quivered)
 n - 8 poisoned needles
 u - 38 arrows
Armour
 r - a +0 scale mail
 C - a +1 helmet
 E - a +0 chain mail (worn)
 G - a +1 helmet (worn)
Jewellery
 x - an uncursed ring of resist corrosion
 z - a +2 ring of dexterity (right hand)
 B - a ring of wizardry (left hand)
Scrolls
 b - a scroll of magic mapping {unknown}
 t - 2 scrolls of recharging {unknown}
 v - a scroll of immolation {unknown}
Potions
 s - a potion of agility
 A - a potion of flight {unknown}
Books
 c - a book of Battle

   Spells                             Type                      Level
   a - Infusion                       Charms                       1
   b - Shroud of Golubria             Charms/Translocation         2
   c - Song of Slaying                Charms                       2
   d - Spectral Weapon                Hexes/Charms                 3
   e - Regeneration                   Charms/Necromancy            3


   Skills:
 + Level 3.4 Fighting
 + Level 3.5 Polearms
 + Level 1.6 Armour
 + Level 2.9 Dodging
 + Level 1.0 Stealth
 + Level 2.5 Spellcasting
 + Level 0.4 Hexes
 + Level 4.1 Charms


You had 2 spell levels left.
You knew the following spells:

 Your Spells              Type           Power        Failure   Level  Hunger
a - Infusion              Chrm           ##..         98%         1    ##.....
b - Regeneration          Chrm/Necr      #.........   100%        3    ####...
c - Spectral Weapon       Hex/Chrm       #.......     100%        3    ####...


Dungeon Overview and Level Annotations

Branches:
Dungeon (3/15)

Altars:
Ashenzari
Nemelex Xobeh
Yredelemnul
The Shining One

Annotations:
D:3 Robin


Message History

The gnoll hits you with a flail! The goblin hits you with a club.
* * * LOW HITPOINT WARNING * * *
The gnoll hits you with a flail.
* * * LOW HITPOINT WARNING * * *
A goblin comes into view. It is wielding a dagger.
The goblin shouts!
You hit the goblin but do no damage. The goblin hits you but does no damage.
The gnoll barely misses you. The goblin hits you but does no damage.
Your chain mail prevents you from hitting the goblin.
The goblin hits you but does no damage. The gnoll hits you with a flail.
* * * LOW HITPOINT WARNING * * *
You completely miss the goblin. The goblin hits you but does no damage.
The gnoll barely misses you.
Robin roars a battlecry!
The goblins go into a battle-frenzy!
You hear a shout! x2
You hit the goblin.
The goblin is heavily wounded.
The goblin hits you with a club.
You die...

... .. ##.. ###. ....
... #g..$# #.. #gg..#
#.. #g#..## #.. #g#...
#..####
#@#..#######......
.######g#..........###..
........#...............
########.>..............
#.#..............
#..........รท.....
#..#.............
#[#_#......)...##
#..#...........#


You could see 2 gnolls and 4 goblins.

Vanquished Creatures
  An orc priest (D:3)
  Ijyb (D:2)
  2 gnolls (D:3)
  5 adders
  A giant gecko (D:1)
  3 orcs (D:3)
  A ball python (D:2)
  2 giant cockroaches
  7 goblins
  5 hobgoblins
  6 quokkas
  7 bats
  5 giant newts
  10 kobolds
  3 rats
59 creatures vanquished.

Vanquished Creatures (others)
  A plant (D:2)
1 creature vanquished.

Grand Total: 60 creatures vanquished

Notes
Turn   | Place    | Note
--------------------------------------------------------------
     0 | D:1      | Guinours the Merfolk Skald began the quest for the Orb.
     0 | D:1      | Reached XP level 1. HP: 16/16 MP: 3/3
   252 | D:1      | Reached XP level 2. HP: 22/22 MP: 5/5
  1295 | D:2      | Found a shattered altar of Ashenzari.
  1304 | D:2      | Became a worshipper of Ashenzari the Shackled
  1331 | D:2      | Noticed Ijyb
  1344 | D:2      | Killed Ijyb
  1344 | D:2      | Reached XP level 3. HP: 24/28 MP: 0/6
  1368 | D:2      | Reached skill level 1 in Armour
  1474 | D:2      | Reached XP level 4. HP: 22/34 MP: 7/7
  2606 | D:2      | Found a glowing golden altar of the Shining One.
  2803 | D:3      | Reached skill level 4 in Charms
  2808 | D:3      | Found a sparkling altar of Nemelex Xobeh.
  3155 | D:3      | Learned a level 3 spell: Regeneration
  3159 | D:3      | Learned a level 3 spell: Spectral Weapon
  3159 | D:3      | Paralysed by miscasting Spectral Weapon for 6 turns
  3330 | D:3      | Reached XP level 5. HP: 35/41 MP: 4/8
  3523 | D:3      | Found a basalt altar of Yredelemnul.
  3660 | D:3      | Found a faded altar to an unknown god.
  4015 | D:3      | Reached skill level 1 in Stealth
  4029 | D:3      | Noticed Robin
  4033 | D:3      | HP: 2/41 [gnoll/flail (4)]
  4035 | D:3      | Slain by a goblin

Skill      XL: |  1  2  3  4  5 |
---------------+----------------+-----
Dodging        | 2 |  2.9
Armour         | 1 |  1.6
Fighting       | 3 |  3.4
Charms         | 4 |  4.1
Stealth        | 1 |  1.0
Polearms       | |  3.5
Spellcasting   | |  2.5
Hexes          | |  0.4

Action                   |  1- 3 |  4- 6 || total
-------------------------+-------+-------++-------
Melee: Spear             |    55 |   261 ||   316
       Whip              |    17 |       ||    17
       Tailslap          |       |     3 ||     3
       Mace              |       |    28 ||    28
 Cast: Infusion          |    11 |     7 ||    18
  Use: Scroll            |     2 |       ||     2
       Potion            |       |     6 ||     6
 Stab: Sleeping          |     1 |       ||     1
  Eat: Bread ration      |     1 |     1 ||     2
       Beef jerky        |       |     1 ||     1
       Meat ration       |       |     1 ||     1
Armor: Leather armour    |    26 |       ||    26
       Scale mail        |       |    68 ||    68
       Chain mail        |       |    61 ||    61
Dodge: Dodged            |    44 |   102 ||   146
